 Dungeon Crawl Stone Soup version 0.32-a0-540-g866d13106e (webtiles) character file.

Game seed: 10851438059458953399

483 warriortoast the Trooper (level 6, -5/60 HPs)
             Began as a Minotaur Fighter on July 6, 2023.
             Was a Follower of Cheibriados.
             Slain by a gnoll bouda
             ... wielding a +0 mace
              (25 damage)
             ... on level 4 of the Dungeon on Feb 28, 2024.
             The game lasted 00:10:18 (4035 turns).

warriortoast the Trooper (Minotaur Fighter)         Turns: 4035, Time: 00:10:19

Health: -5/60      AC: 12    Str: 30    XL:     6   Next: 87%
Magic:  5/5        EV:  2    Int:  7    God:    Cheibriados [*.....]
Gold:   180        SH:  0    Dex: 12    Spells: 5/5 levels left

rFire   . . .        a - +0 war axe
rCold   . . .        c - +0 buckler
rNeg    . . .        b - +0 scale mail
rPois   .            (helmet restricted)
rElec   .            (no cloak)
rCorr   .            D - +0 pair of gloves
SInv    .            (no boots)
Will    .....        (no amulet) Stlth
                     g - +4 ring of protection
HPRegen 0.30/turn    w - +6 ring of strength
MPRegen 0.09/turn

%: no passive effects
@: sleeping, very slow
A: horns 2, retaliatory headbutt
a: Renounce Religion, Bend Time


You were on level 4 of the Dungeon.
You worshipped Cheibriados.
Cheibriados was aware of your devotion.
You visited 1 branch of the dungeon, and saw 5 of its levels.

You collected 249 gold pieces.
You spent 69 gold pieces at shops.

Inventory:

Hand Weapons
 a - a +0 war axe (weapon)
 r - a +0 spear of venom
Missiles
 j - 6 poisoned darts (quivered)
 A - 2 silver javelins
Armour
 b - a +0 scale mail (worn)
 c - a +0 buckler (worn)
 D - a +0 pair of gloves (worn)
Jewellery
 g - a +4 ring of protection (left hand)
 m - a ring of willpower
 u - a +6 ring of intelligence
 v - a ring of willpower
 w - a +6 ring of strength (right hand)
 B - a ring of resist corrosion
Wands
 x - a wand of flame (14)
 y - a wand of digging (6)
 C - a wand of quicksilver (6)
Scrolls
 e - a scroll of noise {unknown}
 i - 2 scrolls of amnesia {unknown}
 k - a scroll of blinking {unknown}
 n - 3 scrolls of teleportation {unknown}
 p - 2 scrolls of fog {unknown}
 q - a scroll of immolation {unknown}
 E - 2 scrolls of enchant weapon {unknown}
Potions
 d - 2 potions of might
 f - a potion of haste {unknown}
 h - a potion of resistance {unknown}
 l - 2 potions of curing {unknown}
 o - 2 potions of berserk rage {unknown}
 s - a potion of brilliance {unknown}
 t - a potion of invisibility {unknown}
 z - a potion of degeneration {unknown}
 F - a potion of mutation {unknown}


   Skills:
 + Level 7.1 Fighting
 + Level 6.5 Axes
 - Level 3.7 Armour
 - Level 3.7 Shields


You had 5 spell levels left.
You didn't know any spells.
Your spell library was empty.

Dungeon Overview and Level Annotations

Branches:
Dungeon (5/15)
 Temple: D:4-7

Altars:
Cheibriados
Fedhas
Kikubaaqudgha
Sif Muna
Trog
Uskayaw

Shops:
D:2 *


Innate Abilities, Weirdness & Mutations

You have a pair of horns on your head.
You reflexively headbutt those who attack you in melee.


Message History

You hit the sleepcap but do no damage.
The sleepcap is lightly damaged.
You closely miss the gnoll.
The gnoll hits you from afar with a +0 spear!
The sleepcap closely misses you.
You hit the sleepcap.
The sleepcap is lightly damaged.
You barely miss the gnoll. You hit the gnoll bouda.
The gnoll hits you but does no damage.
The gnoll hits you from afar with a +0 spear.
The sleepcap releases spores at you but does no damage.
The gnoll bouda hits you with a +0 mace.
The gnoll hits you with a +0 flail!
You are too injured to fight recklessly!
Unknown command.
You are too injured to fight recklessly!
Unknown command.
You are too injured to fight recklessly!
You are too injured to fight recklessly!
Unknown command.
You are too injured to fight recklessly!
Unknown command.
You completely miss the gnoll. You headbutt the gnoll.
The gnoll is heavily wounded.
You closely miss the gnoll bouda. You slash the sleepcap!
The gnoll is no longer moving quickly.
The gnoll hits you from afar with a +0 spear.
The sleepcap misses you.
The gnoll bouda barks out a call to the hunt!
The gnoll picks up the pace!
The gnoll hits you with a +0 flail.
You closely miss the gnoll.
The gnoll is heavily wounded.
You slash the gnoll bouda! You slash the sleepcap!
The gnoll closely misses you. The sleepcap releases spores at you.
You are engulfed in a cloud of soporific spores!
You fall asleep.
The gnoll bouda hits you with a +0 mace!!
You die...
Cheibriados appreciates the motionlessness of death.

##### ##### ## #...###
###...# .#
#.<...###...>.# .#
#.............# .#
###....♣..g.### .#
###...gf### .# ##.g@##
.# ##### ####...### .#
###...###........###
.###..................#
##...#................#
......................#
.####)................#
...)..................#
#####.##..............#


You could see a sleepcap, a gnoll bouda and 2 gnolls.

Vanquished Creatures
  A scorpion (D:4)
  2 bombardier beetles (D:4)
  2 orc priests
  A hound (D:5)
  An iguana (D:4)
  A sleepcap (D:5)
  2 orc wizards (D:3)
  3 gnolls (D:4)
  5 adders
  2 ufetubi (D:5)
  A dart slug (D:2)
  9 orcs
  7 endoplasms
  3 giant cockroaches (D:1)
  7 goblins
  8 hobgoblins
  7 jackals
  2 ribbon worms
  7 ball pythons
  3 bats
  3 frilled lizards
  6 kobolds
  7 rats
90 creatures vanquished.

Notes
Turn   | Place    | Note
-------+----------+-------------------------------------------
     0 | D:1      | warriortoast the Minotaur Fighter began the quest for the
                  | Orb.
     0 | D:1      | Reached XP level 1. HP: 19/19 MP: 0/0
     0 | D:1      | Upgraded the game from 0.31-a0-229-g1fc7ce93e2 to
                  | 0.31-a0-271-gb88eb75e06
   151 | D:1      | Reached skill level 4 in Fighting
   151 | D:1      | Reached XP level 2. HP: 27/27 MP: 1/1
   222 | D:1      | Found a faded altar of an unknown god.
   319 | D:1      | Reached XP level 3. HP: 34/34 MP: 2/2
  1242 | D:2      | Found Ocacs's Assorted Antiques.
  1245 | D:2      | Bought a yellow potion for 21 gold pieces
  1245 | D:2      | Bought a scroll labelled KUIBLA FIHIYZ for 24 gold pieces
  1245 | D:2      | Bought a scroll labelled KOFAMIKADO for 24 gold pieces
  1604 | D:3      | Reached skill level 5 in Fighting
  1604 | D:3      | Reached XP level 4. HP: 21/42 MP: 3/3
  1630 | D:3      | Upgraded the game from 0.31-a0-271-gb88eb75e06 to
                  | 0.31-a0-339-gda1cbd555d
  2114 | D:3      | Reached XP level 5. HP: 23/48 MP: 4/4
  2505 | D:3      | Upgraded the game from 0.31-a0-339-gda1cbd555d to
                  | 0.32-a0-540-g866d13106e
  2587 | D:3      | Found an ancient bone altar of Kikubaaqudgha.
  2878 | D:4      | Reached skill level 5 in Axes
  2972 | D:4      | Reached skill level 6 in Fighting
  3305 | D:4      | Reached XP level 6. HP: 48/57 MP: 5/5
  3375 | D:4      | Found a hide-covered altar of Uskayaw.
  3376 | D:4      | Found a snail-covered altar of Cheibriados.
  3377 | D:4      | Found a bloodstained altar of Trog.
  3377 | D:4      | Found a shimmering blue altar of Sif Muna.
  3392 | D:4      | Became a worshipper of Cheibriados the Contemplative
  3895 | D:5      | Entered Level 5 of the Dungeon
  3939 | D:5      | Reached skill level 7 in Fighting
  3955 | D:5      | Reached * piety under Cheibriados
  4021 | D:5      | Found a blossoming altar of Fedhas.
  4035 | D:4      | Slain by a gnoll bouda

Illustrated notes

Levels and vault maps discovered:
D:1:      pf_arrival_petrified_forest, layout_basic,
          nicolae_ecumenical_snake_handling, chequers_serial_rivers_room_b
D:2:      layout_loops_ring, serial_shops, nicolae_shop_real_fake_doors
D:3:      layout_basic, mainiacjoe_overflow_boulevard
D:4:      layout_rooms, mainiacjoe_overflow_alcove_3, minmay_misc_feat_room,
          eino_tiny_chamber, grunt_ministairs_12
D:5:      layout_basic, fedhas_altar_1, uniq_grinder

Skill      XL: |  1  2  3  4  5  6 |
---------------+-------------------+-----
Fighting       | 4 5 6 7 |  7.1
Axes           | 3 4 5 6 |  6.5
Armour         | |  3.7
Shields        | |  3.7

Action                     |  1- 3 |  4- 6 || total
---------------------------+-------+-------++-------
  Melee: War axe           |    87 |   104 ||   191
         Headbutt          |    15 |    19 ||    34
  Throw: Dart              |     3 |    18 ||    21
    Use: Potion            |       |     1 ||     1
 Armour: Scale mail        |    39 |   112 ||   151
  Dodge: Dodged            |    38 |    67 ||   105
  Block: Buckler           |    16 |    43 ||    59

Table legend: (Time is in decaauts)
 A = Elapsed time spent in this place.
 B = Non-inter-level travel time spent in this place.
 C = Inter-level travel time spent in this place.
 D = Time resting spent in this place.
 E = Time spent auto-exploring this place.
 F = Levels seen in this place.
 G = Mean time per level.
                   A        B        C        D        E       F      G
               +--------+--------+--------+--------+--------+-----+--------+
         Total |   4226 |   4042 |    184 |    476 |   2861 |   5 |  845.2 |
       Dungeon |   4226 |   4042 |    184 |    476 |   2861 |   5 |  845.2 |
               +--------+--------+--------+--------+--------+-----+--------+

Top non-repeatable levels by time:
     D:3: 1647 daAuts
     D:4: 880 daAuts
     D:1: 804 daAuts
     D:2: 727 daAuts
     D:5: 166 daAuts
